 Dungeon Crawl Stone Soup version 0.27-a0-1434-g6f15984924 (webtiles) character file.

Game seed: 9959005792488180993

82 Gwenloh the Chopper (level 4, 0/40 HPs)
             Began as a Minotaur Berserker on July 3, 2021.
             Was a Believer of Trog.
             Succumbed to Jessica's poison
             ... on level 3 of the Dungeon.
             The game lasted 00:03:27 (2081 turns).

Gwenloh the Chopper (Minotaur Berserker)            Turns: 2081, Time: 00:03:28

Health: 0/40       AC:  8    Str: 19 (21) XL:     4   Next: 21%
Magic:  3/3        EV: 11    Int:  2 (4)  God:    Trog [**....]
Gold:   65         SH:  0    Dex: 10 (11) Spells: 3/3 levels left

rFire    . . .     SeeInvis .   c - +2 flail (holy)
rCold    . . .     Faith    .   (no shield)
rNeg     . . .     Spirit   .   i - +0 ring mail
rPois    .         Reflect  .   (helmet restricted)
rElec    .         Harm     .   j - +2 cloak
rCorr    .         Rampage  .   (no gloves)
Will     .....                  (no boots)
Stlth    ..........             (no amulet)
HPRegen  0.13/turn              (no ring)
MPRegen  0.08/turn              (no ring)

@: lethally poisoned (0 -> -1), flying
A: horns 2, retaliatory headbutt
a: Renounce Religion, Berserk, Trog's Hand


You were on level 3 of the Dungeon.
You worshipped Trog.
Trog was pleased with you.
You visited 1 branch of the dungeon, and saw 3 of its levels.

You collected 65 gold pieces.

Inventory:

Hand Weapons
 a - a +0 hand axe
 c - a +2 flail of holy wrath (weapon)
 q - a +1 whip of electrocution
Missiles
 e - 38 stones (quivered)
 l - 14 poisoned darts
 n - 8 sling bullets
Armour
 b - a +0 animal skin
 i - a +0 ring mail (worn)
 j - a +2 cloak (worn)
Scrolls
 f - 2 scrolls of amnesia {unknown}
 h - a scroll of blinking {unknown}
 k - a scroll of identify {unknown}
 m - a scroll of vulnerability {unknown}
 o - a scroll of teleportation {unknown}
 p - a scroll of silence {unknown}


   Skills:
 - Level 3.7 Fighting
 + Level 6.1 Axes
 - Level 2.4 Armour
 - Level 2.1 Dodging


You had 3 spell levels left.
You didn't know any spells.
Your spell library was empty.

Dungeon Overview and Level Annotations

Branches:
Dungeon (3/15)

Altars:
Xom

Shops:
D:1 *


Innate Abilities, Weirdness & Mutations

You have a pair of horns on your head.
You reflexively headbutt those who attack you in melee.


Message History

You kill Jessica!
Trog accepts your kill.
Trog appreciates your killing of a magic user.
You feel very sick.
A kobold comes into view. It is wielding a +0 dagger.
Your Axes skill increases to level 6!
You have reached level 4!
You feel agile.
* * * LOW HITPOINT WARNING * * *
You feel very sick.
The kobold shouts!
Things that are here:
a +0 club; a goblin corpse
* * * LOW HITPOINT WARNING * * *
You feel sick.
It was a potion of flight.
You feel very buoyant.
You fly up into the air.
* * * LOW HITPOINT WARNING * * *
You feel sick.
You are too injured to fight recklessly!
It was a potion of degeneration.
There was something very wrong with that liquid.
You feel weakened.
You feel dopey.
You feel clumsy.
* * * LOW HITPOINT WARNING * * *
You feel sick.
* * * LOW HITPOINT WARNING * * *
You feel sick. The kobold hits you but does no damage.
You hit the kobold.
You kill the kobold!
Trog accepts your kill.
* * * LOW HITPOINT WARNING * * *
You feel sick.
* * * LOW HITPOINT WARNING * * *
You feel sick.
Things that are here:
a +0 dagger; a kobold corpse
* * * LOW HITPOINT WARNING * * *
You feel sick.
You die...

#.# #.#
#.# #.#
#.# #.#
#.# #.#
#####.#
#.#
....#.#
##.###.#
....#.#
#..[...# #
.....>#
#..#####.#
....###
#.).).@..#
#####
#)########
# ....
#.##### #.
#


There were no monsters in sight!

Vanquished Creatures
  Jessica (D:3)
  An adder (D:2)
  A worm (D:2)
  A dart slug (D:2)
  2 endoplasms
  A giant cockroach (D:2)
  6 goblins
  A hobgoblin (D:2)
  4 jackals (D:2)
  6 kobolds
  2 quokkas
  7 ball pythons
  A bat (D:1)
  2 frilled lizards
  4 rats
40 creatures vanquished.

Notes
Turn   | Place    | Note
-------+----------+-------------------------------------------
     0 | D:1      | Gwenloh the Minotaur Berserker began the quest for the Orb.
     0 | D:1      | Reached XP level 1. HP: 19/19 MP: 0/0
    35 | D:1      | Reached skill level 4 in Axes
   264 | D:1      | Reached XP level 2. HP: 23/27 MP: 1/1
   391 | D:1      | Found Kut Nouk's General Store.
   499 | D:1      | Found a faded altar of an unknown god.
   736 | D:2      | Found a shimmering altar of Xom.
   775 | D:2      | Reached ** piety under Trog
  1014 | D:2      | Reached skill level 5 in Axes
  1025 | D:2      | Reached XP level 3. HP: 33/33 MP: 2/2
  2067 | D:3      | Noticed Jessica
  2072 | D:3      | Killed Jessica
  2073 | D:3      | Reached skill level 6 in Axes
  2073 | D:3      | Reached XP level 4. HP: 13/40 MP: 3/3
  2079 | D:3      | HP: 2/40 [poisoned by Jessica]
  2081 | D:3      | Succumbed to Jessica's poison

Illustrated notes

Levels and vault maps discovered:
D:1:      minmay_arrival_radiant_lines, layout_rooms, serial_shops,
          nicolae_shop_trees, shapermc_ecumenical_altar_mp_ritualfount,
          nrook_campfire
D:2:      layout_basic, basic_altar, minmay_split_cup_large
D:3:      layout_basic, grunt_ministairs_7, uniq_jessica

Skill      XL: |  1  2  3 |
---------------+----------+-----
Axes           | 4 5 6 |  6.1
Fighting       | |  3.7
Armour         | |  2.4
Dodging        | |  2.1

Action                   |  1- 3 |  4- 6 || total
-------------------------+-------+-------++-------
Melee: Flail             |    55 |     1 ||    56
       Headbutt          |     9 |       ||     9
Throw: Stone             |    83 |       ||    83
  Use: Potion            |       |     2 ||     2
Armor: Animal skin       |     8 |       ||     8
       Ring mail         |     2 |     1 ||     3
Dodge: Dodged            |    22 |       ||    22

Table legend: (Time is in decaauts)
 A = Elapsed time spent in this place.
 B = Non-inter-level travel time spent in this place.
 C = Inter-level travel time spent in this place.
 D = Time resting spent in this place.
 E = Time spent auto-exploring this place.
 F = Levels seen in this place.
 G = Mean time per level.
                   A        B        C        D        E       F      G
               +--------+--------+--------+--------+--------+-----+--------+
         Total |   2104 |   2016 |     88 |      0 |   1722 |   3 |  701.3 |
       Dungeon |   2104 |   2016 |     88 |      0 |   1722 |   3 |  701.3 |
               +--------+--------+--------+--------+--------+-----+--------+

Top non-repeatable levels by time:
     D:2: 1244 daAuts
     D:1: 672 daAuts
     D:3: 187 daAuts
